AoeStats
← ChrisjB

Arabia

505891338Analyzed
1v1 RM · 19d ago on Sep 11, 2026· 45m 10s· 2 players
Game mode
Random Map
Map size
Tiny (2 player)
Population
200
Speed
Normal
Resources
Standard
Victory
Conquest
Starting age
Dark Age
Ending age
Imperial Age
RankedLock teamsTeams togetherTeam positionsShared explorationLock speedFull tech treeHidden civsTurbo modeCheats
Victory
Defeat
🇫🇷 Sicilians · France
1805
+11
🇺🇸 Huns · United States
1704
-11
The Crusader
6:25 Loom
8:50 Feudal Age
9:38 Double-Bit Axe
14:52 Fletching
18:01 Wheelbarrow
21:30 Castle Age
20:11 Padded Archer Armor
20:43 Gold Mining
22:13 Bodkin Arrow
25:27 Ballistics
29:46 Husbandry
30:52 Bloodlines
33:14 Thumb Ring
36:42 Leather Archer Armor
37:15 Bow Saw
40:03 Horse Collar
43:40 Imperial Age
41:48 Heavy Plow
42:18 Hand Cart
42:33 Town Watch
44:08 Gold Shaft Mining
44:20 Bracer
45:25 Chemistry
ChrisjB
6:42 Loom
8:58 Feudal Age
10:27 Double-Bit Axe
14:21 Fletching
20:18 Castle Age
18:44 Horse Collar
19:10 Padded Archer Armor
20:55 Bodkin Arrow
20:20 Crossbowman
21:35 Bow Saw
23:43 Leather Archer Armor
24:21 Ballistics
24:08 Scale Barding Armor
26:41 Gold Mining
27:47 Scale Barding Armor
31:53 Bloodlines
34:04 Chain Barding Armor
37:42 Wheelbarrow
36:52 Town Watch
37:36 Chain Barding Armor
37:27 Forging
37:48 Husbandry
42:24 Imperial Age
40:20 Hand Cart
41:04 Heavy Plow
42:31 Cavalier
43:47 Plate Barding Armor
44:16 Chemistry
43:43 Hauberk
Connection lost

Rejoining the realm…

Still unreachable

The connection could not be restored.

Session expired

The server has moved on; the page needs a fresh start.